 Dungeon Crawl Stone Soup version 0.29.1-15-g9cfb28693d (webtiles) character file.

Game seed: 16652174211826632142

16 protoss039 the Digger (level 2, -2/21 HPs)
             Began as a Demonspawn Earth Elementalist on Mar 24, 2023.
             Slain by a ball python (3 damage)
             ... on level 1 of the Dungeon.
             The game lasted 00:00:44 (591 turns).

protoss039 the Digger (DsEE)                         Turns: 591, Time: 00:00:46

Health: -2/21      AC:  3    Str:  8    XL:     2   Next: 41%
Magic:  1/5        EV:  8    Int: 16    God:
Gold:   14         SH:  0    Dex: 13    Spells: 4/5 levels left

rFire   . . .      SeeInvis .   c - +0 spear
rCold   . . .      Faith    .   (no shield)
rNeg    . . .      Spirit   .   d - +0 leather armour
rPois   .          Reflect  .   (no helmet)
rElec   .          Harm     .   (no cloak)
rCorr   .          Rampage  .   (no gloves)
Will    .....                   (no boots)
Stlth   ++........              (no amulet)
HPRegen 0.07/turn               (no ring)
MPRegen 0.09/turn               (no ring)

@: constricted
A: demonic touch 1
a: no special abilities


You were on level 1 of the Dungeon.
You visited 1 branch of the dungeon, and saw 1 of its levels.

You collected 14 gold pieces.

Inventory:

Hand Weapons
 c - a +0 spear (weapon)
Armour
 d - a +0 leather armour (worn)
Scrolls
 a - a scroll of identify {unknown}
Potions
 b - a potion of magic


   Skills:
 + Level 1.1 Fighting
 - Level 1.7 Dodging
 - Level 1.7 Stealth
 + Level 2.3 Spellcasting
 - Level 0.8 Transmutations
 + Level 3.0 Earth Magic


You had 4 spell levels left.
You knew the following spells:

 Your Spells              Type           Power      Damage    Failure   Level
a - Sandblast             Erth           22%        2d7       9%          1

Your spell library contained the following spells:

 Spells                   Type           Power      Damage    Failure   Level
 Passwall                 Tmut/Erth      6%         N/A       21%         2
 Stone Arrow              Conj/Erth      12%        3d7       43%         3
 Petrify                  Tmut/Erth      8%         N/A       78%         4


Dungeon Overview and Level Annotations

Branches:
Dungeon (1/15) Zot: 5397

Altars:


Innate Abilities, Weirdness & Mutations

Your touch may inflict minor irresistible damage on your foes.


Message History

The hobgoblin is almost dead.
The ball python bites you. The ball python grabs you.
The ball python constricts you. The hobgoblin hits you. The rat bites you.
The ball python closely misses you. The ball python constricts you.
Casting: Sandblast (safe; 9% risk of failure)
Confirm with . or Enter, or press ? or * to list all spells.
Aiming: Sandblast (safe; 9% risk of failure)
Press: ? - help, Shift-Dir - straight line, f/p - hobgoblin
Aim: a hobgoblin (severely wounded, 82% to hit)
The blast of sand hits the hobgoblin!
You kill the hobgoblin!
The ball python bites you. The ball python constricts you.
The rat bites you but does no damage. The jackal bites you.
* * * LOW HITPOINT WARNING * * *
The ball python bites you but does no damage.
The ball python constricts you.
* * * LOW HITPOINT WARNING * * *
The rat bites you but does no damage.
Unknown command.
Unknown command.
The ball python's grasp on you weakens, but your attempt to escape fails.
The jackal completely misses you.
The ball python bites you but does no damage.
The ball python constricts you.
* * * LOW HITPOINT WARNING * * *
The jackal bites you.
* * * LOW HITPOINT WARNING * * *
The rat completely misses you.
Unknown command.
Okay, then.
Casting: Sandblast (safe; 9% risk of failure)
Confirm with . or Enter, or press ? or * to list all spells.
Aiming: Sandblast (safe; 9% risk of failure)
Press: ? - help, Shift-Dir - straight line, f - jackal
Aim: a jackal (77% to hit)
The blast of sand hits the jackal.
The jackal is almost dead.
The jackal bites you but does no damage.
The ball python bites you.
You die...

.##...##8##
#.###.<### ...:.
##..#######. #.#.#
##.....#.##....... #
............# ....
.#
#####..#.#..###..##
.# #..#.#....#... ..
#........#.hr##.#.#.
#.##.##.†###@S......
###
#.##.......#..#.#.#.
#.#
#####.#####..#...##
#.# ......# #..#####
#.# ####### #..#
#.##### #.########
#.....# #.........
#.###.## #.########
#......)
#######.##########
#####.##


You could see a jackal, a ball python and a rat.

Vanquished Creatures
  2 ball pythons (D:1)
  2 endoplasms (D:1)
  A goblin (D:1)
  2 hobgoblins (D:1)
  3 jackals (D:1)
  3 kobolds (D:1)
  A rat (D:1)
14 creatures vanquished.

Notes
Turn   | Place    | Note
-------+----------+-------------------------------------------
     0 | D:1      | protoss039 the Demonspawn Earth Elementalist began the
                  | quest for the Orb.
     0 | D:1      | Reached XP level 1. HP: 13/13 MP: 3/3
   347 | D:1      | Gained mutation: Your touch may inflict minor irresistible
                  | damage on your foes. [demonic ancestry]
   347 | D:1      | Reached XP level 2. HP: 15/20 MP: 0/5
   484 | D:1      | Reached skill level 1 in Fighting
   588 | D:1      | Reached skill level 3 in Earth Magic
   590 | D:1      | HP: 1/21 [jackal (3)]
   591 | D:1      | Slain by a ball python

Illustrated notes

Levels and vault maps discovered:
D:1:      nagdon_arrival_double_spiral, layout_loops_ring,
          shapermc_ecumenical_altar_flowoftime, minmay_pentomino_z2

Skill      XL: |  1  2 |
---------------+-------+-----
Fighting       | 1 |  1.1
Earth Magic    | 3 |  3.0
Dodging        | |  1.7
Stealth        | |  1.7
Spellcasting   | |  2.3
Transmutations | |  0.8

Action                   || total
-------------------------++-------
Melee: Spear             ||    15
 Cast: Sandblast         ||    19
 Stab: Distracted        ||     1
       Sleeping          ||     1
Armor: Leather armour    ||     8
Dodge: Dodged            ||    18
